 Dungeon Crawl Stone Soup version 0.18.1-50-g88ac8fd (webtiles) character file.

2632 BlackFoxy the Grappler (level 9, -9/88 HPs)
             Began as a Troll Monk on Oct 2, 2016.
             Was a Priest of Yredelemnul.
             Mangled by an orc warrior
             ... wielding a +0 flail
              (13 damage)
             ... on level 7 of the Dungeon.
             The game lasted 00:35:55 (6345 turns).

BlackFoxy the Grappler (Troll Monk)                 Turns: 6345, Time: 00:35:55

Health: -9/88      AC:  5    Str: 22    XL:     9   Next: 35%
Magic:  9/9        EV: 16    Int:  6    God:    Yredelemnul [***...]
Gold:   296        SH:  0    Dex: 14    Spells: 0 memorised, 8 levels left

rFire  . . .     SeeInvis .       - Unarmed
rCold  . . .     Gourm    +     a - +0 robe
rNeg   . . .     Faith    .     (no shield)
rPois  .         Spirit   .     (helmet restricted)
rElec  .         Dismiss  .     (no cloak)
rCorr  .         Reflect  .     (gloves unavailable)
SustAt .         Harm     .     (boots unavailable)
MR     .....     Rnd*Tele +     h - amulet of regeneration
Stlth  ++........               y - +3 ring of evasion
                                q - ring of teleportation (curse)

@: not resistant to hostile enchantments, unstealthy
A: unfitting armour, claws 3, fast metabolism 3, gourmand, regeneration 2,
shaggy fur 1, tough skin 2
a: Recall Undead Slaves, Injury Mirror, Animate Dead, Renounce Religion


You were on level 7 of the Dungeon.
You worshipped Yredelemnul.
Yredelemnul was most pleased with you.
You were very hungry.

You visited 1 branch of the dungeon, and saw 7 of its levels.

You collected 296 gold pieces.

Inventory:

Hand Weapons
 I - a +0 mace
 K - a +1 flail of holy wrath
Missiles
 f - 12 javelins (quivered)
 k - 118 stones
 n - 55 poisoned needles
 A - 4 tomahawks
 H - 48 arrows
Armour
 a - a +0 robe (worn)
Jewellery
 h - an amulet of regeneration (around neck)
 j - an uncursed amulet of rage
 o - an uncursed amulet of the gourmand
 q - a cursed ring of teleportation (left claw)
 y - a +3 ring of evasion (right claw)
 B - an uncursed ring of positive energy
 O - a cursed +4 amulet of reflection {unknown}
Wands
 L - a wand of iceblast (7/15)
Scrolls
 c - 3 scrolls of blinking
 d - 2 scrolls of teleportation
 e - 2 scrolls of identify
 p - 2 scrolls of amnesia {unknown}
 r - a scroll of recharging {unknown}
 t - a scroll of enchant weapon {unknown}
 u - a scroll of random uselessness {unknown}
 w - a scroll of fear {unknown}
 D - a scroll of enchant armour {unknown}
 E - a scroll of magic mapping {unknown}
Potions
 i - a potion of lignification
 l - a potion of magic {unknown}
 m - 2 potions of invisibility {unknown}
 s - 2 potions of agility {unknown}
 x - 2 potions of curing
 z - 2 potions of cure mutation {unknown}
 G - a potion of brilliance {unknown}
 J - a potion of degeneration {unknown}
 N - a potion of flight {unknown}
Books
 v - a book of Clouds

   Spells                             Type                      Level
   a - Mephitic Cloud                 Conjuration/Poison/Air       3
   b - Conjure Flame                  Conjuration/Fire             3
   c - Poisonous Cloud                Conjuration/Poison/Air       6
   d - Freezing Cloud                 Conjuration/Ice/Air          6
   e - Ring of Flames                 Charms/Fire                  7
 C - a book of Maledictions

   Spells                             Type                      Level
   a - Corona                         Hexes                        1
   b - Ensorcelled Hibernation        Hexes/Ice                    2
   c - Confuse                        Hexes                        3
   d - Tukima's Dance                 Hexes                        3
   e - Dazzling Spray                 Conjuration/Hexes            3
 F - a book of Minor Magic

   Spells                             Type                      Level
   a - Magic Dart                     Conjuration                  1
   b - Blink                          Translocation                2
   c - Call Imp                       Summoning                    2
   d - Repel Missiles                 Charms/Air                   2
   e - Slow                           Hexes                        2
   f - Conjure Flame                  Conjuration/Fire             3
   g - Mephitic Cloud                 Conjuration/Poison/Air       3
Comestibles
 b - 7 bread rations
 g - 3 beef jerkies
 M - a meat ration


   Skills:
 + Level 5.3 Fighting
 + Level 6.8 Dodging
 + Level 3.0 Stealth
 + Level 8.2 Unarmed Combat
 + Level 2.0 Invocations


You had 8 spell levels left.
You didn't know any spells.

Dungeon Overview and Level Annotations

Branches:
Dungeon (7/15)             Temple (0/1) D:7

Altars:
Ashenzari
Fedhas
Gozag
Kikubaaqudgha
Nemelex Xobeh
Okawaru
Pakellas
Qazlal
Sif Muna
Vehumet
Yredelemnul
The Shining One


Innate Abilities, Weirdness & Mutations

You are too large for most types of armour.
You have claws for hands.
Your metabolism is lightning-fast.
You like to eat raw meat.
You heal very quickly.
You are covered in fur (AC +1).
You have very tough skin (AC +2).


Message History

You closely miss the orc.
The orc is severely wounded.
The orc warrior hits you with a flail!!
* * * LOW HITPOINT WARNING * * *
The orc misses you.
You closely miss the orc.
The orc is severely wounded.
The orc closely misses you. The orc warrior misses you.
You mangle the orc!!
You kill the orc!
Yredelemnul accepts your kill. The orc misses you.
The orc warrior hits you with a flail!
* * * LOW HITPOINT WARNING * * *
The orc hits you but does no damage.
Things that are here:
a mace; an orc corpse The orc warrior hits you with a flail!
You die...
Your body rises from the dead as a mindless zombie.

.. #. #> #. #. ###+###
###. #.....#
#...#######.⌠.⌠.###
#.)@.))†.)>).'.#
#oo....#.⌠.⌠.#.#
#......#.....#.#####
.........###+###......
###.......# #######
#.......# #.......#
####.....


You could see an orc warrior and an orc.

Vanquished Creatures
  The ghost of Chiseanne the Skirmisher, an amateur CeAE of Gozag (D:4)
  Grinder (D:5)
  Eustachio (D:5)
  Menkaure (D:5)
  Edmund (D:5)
  A sky beast (D:7)
  A black bear (D:6)
  A phantom (D:5)
  2 ogres
  4 centaurs
  Blork the orc (D:5)
  2 giant frogs (D:7)
  A wyvern skeleton (D:6)
  A water moccasin skeleton (D:5)
  2 howler monkeys (D:4)
  2 crimson imps
  A giant frog zombie (D:5)
  A centaur zombie (D:6)
  2 hounds (D:4)
  A centaur skeleton (D:4)
  3 orc priests
  2 iguanas
  4 orc wizards
  A hound skeleton (D:4)
  Robin (D:2)
  7 adders
  An ooze (D:1)
  An adder skeleton (D:5)
  4 worms
  3 dart slugs
  4 giant geckos
  26 orcs
  4 bats
  7 giant cockroaches
  11 goblins
  7 hobgoblins
  10 jackals
  2 quokkas
  8 giant newts
  7 kobolds
  A quokka skeleton (D:4)
  5 rats
  5 plants (D:4)
  A withered plant (D:4)
153 creatures vanquished.

Vanquished Creatures (collateral kills)
  A wyvern zombie (D:6)
  A hobgoblin (D:3)
  A ball python (D:3)
  A bat (D:3)
4 creatures vanquished.

Vanquished Creatures (others)
  2 goblin zombies (D:3)
  An orc zombie (D:5)
3 creatures vanquished.

Grand Total: 160 creatures vanquished

Notes
Turn   | Place    | Note
--------------------------------------------------------------
     0 | D:1      | BlackFoxy the Troll Monk began the quest for the Orb.
     0 | D:1      | Reached XP level 1. HP: 22/22 MP: 0/0
   150 | D:1      | Reached XP level 2. HP: 22/29 MP: 1/1
   320 | D:1      | Reached XP level 3. HP: 36/36 MP: 2/2
   923 | D:2      | Found a sparkling altar of Nemelex Xobeh.
  1188 | D:2      | You fall through a shaft!
  1228 | D:3      | Reached XP level 4. HP: 39/44 MP: 3/3
  1328 | D:2      | Found a basalt altar of Yredelemnul.
  1331 | D:2      | Noticed a profane servitor
  1336 | D:2      | Became a worshipper of Yredelemnul the Dark
  1336 | D:2      | Reached * piety under Yredelemnul
  1336 | D:2      | Reached ** piety under Yredelemnul
  1350 | D:2      | Found a faded altar to an unknown god.
  1486 | D:2      | Found a glowing golden altar of the Shining One.
  1488 | D:2      | Noticed an angel
  1609 | D:2      | Noticed Robin
  1615 | D:2      | Killed Robin
  2032 | D:3      | Noticed a centaur
  2037 | D:3      | Reached XP level 5. HP: 53/53 MP: 4/4
  2039 | D:3      | Killed a centaur
  2039 | D:3      | Reached skill level 5 in Unarmed Combat
  2043 | D:3      | Found an opulent altar of Gozag.
  2691 | D:3      | Found a stormy altar of Qazlal.
  2961 | D:4      | Reached XP level 6. HP: 59/61 MP: 5/5
  2986 | D:4      | Noticed Chiseanne's ghost (amateur CeAE)
  2991 | D:4      | Reached skill level 1 in Invocations
  3023 | D:4      | Killed Chiseanne's ghost
  3072 | D:4      | Found a radiant altar of Vehumet.
  3163 | D:4      | Found a blossoming altar of Fedhas.
  3165 | D:4      | Found an ancient bone altar of Kikubaaqudgha.
  3276 | D:4      | Found an oddly glowing altar of Pakellas.
  3276 | D:4      | Noticed an ice dragon
  3328 | D:4      | Found a deep blue altar of Sif Muna.
  3419 | D:4      | Reached XP level 7. HP: 65/67 MP: 7/7
  3564 | D:4      | Reached skill level 6 in Unarmed Combat
  3607 | D:4      | Reached *** piety under Yredelemnul
  3631 | D:4      | Found an iron altar of Okawaru.
  4535 | D:5      | Entered Level 5 of the Dungeon
  4565 | D:5      | Reached skill level 5 in Dodging
  4586 | D:5      | Noticed Grinder
  4599 | D:5      | Paralysed by Grinder for 2 turns
  4608 | D:5      | Killed Grinder
  4608 | D:5      | Reached XP level 8. HP: 70/79 MP: 8/8
  4658 | D:5      | Noticed Eustachio
  4686 | D:5      | Killed Eustachio
  4713 | D:5      | Noticed Edmund
  4733 | D:5      | Killed Edmund
  4733 | D:5      | Reached skill level 7 in Unarmed Combat
  4739 | D:5      | Noticed Blork the orc
  4748 | D:5      | Killed Blork the orc
  5173 | D:5      | Noticed Menkaure
  5181 | D:5      | Killed Menkaure
  5181 | D:5      | Reached skill level 5 in Fighting
  5341 | D:5      | Paralysed by fainting for 8 turns
  5366 | D:5      | Found a shattered altar of Ashenzari.
  5893 | D:6      | Reached XP level 9. HP: 80/88 MP: 9/9
  6015 | D:6      | Reached skill level 8 in Unarmed Combat
  6302 | D:7      | Found a staircase to the Ecumenical Temple.
  6344 | D:7      | HP: 3/88 [orc warrior/flail (14)]
  6345 | D:7      | Mangled by an orc warrior

Skill      XL: |  1  2  3  4  5  6  7  8  9 |
---------------+----------------------------+-----
Dodging        | 3 4 5 6 |  6.8
Fighting       | 3 4 5 |  5.3
Unarmed Combat | 5 6 7 8 |  8.2
Invocations    | 1 2 |  2.0
Stealth        | 2 3 |  3.0

Action                   |  1- 3 |  4- 6 |  7- 9 || total
-------------------------+-------+-------+-------++-------
Melee: Unarmed           |   106 |   207 |   207 ||   520
       Punch             |     1 |     5 |     5 ||    11
Invok: Animate Remains   |       |     4 |       ||     4
       Recall Undead Sla |       |     1 |     1 ||     2
       Injury Mirror     |       |     1 |       ||     1
       Animate Dead      |       |       |     2 ||     2
  Use: Scroll            |     4 |     1 |     2 ||     7
       Potion            |       |       |     1 ||     1
 Stab: Sleeping          |     2 |     1 |     1 ||     4
  Eat: Chunk             |     4 |    18 |    15 ||    37
       Meat ration       |     1 |       |     1 ||     2
       Fruit             |       |     2 |     5 ||     7
       Pizza             |       |     1 |       ||     1
Armor: Robe              |    35 |    43 |    48 ||   126
Dodge: Dodged            |    58 |    87 |   199 ||   344
